 Dungeon Crawl Stone Soup version 0.28.0-53-g5a82cb258f (webtiles) character file.

Game seed: 1764843645789549983

1421 mortz the Conjurer (level 8, -3/59 HPs)
             Began as a Demigod Conjurer on Aug 13, 2022.
             Slain by a wyvern (14 damage)
             ... on level 6 of the Dungeon on Aug 14, 2022.
             The game lasted 00:34:30 (8133 turns).

mortz the Conjurer (Demigod Conjurer)               Turns: 8133, Time: 00:34:31

Health: -3/59      AC:  4    Str: 18    XL:     8   Next: 20%
Magic:  1/19       EV: 12    Int: 24    God:
Gold:   23         SH:  0    Dex: 12    Spells: 10/17 levels left

rFire   . . .      SeeInvis .   a - +2 short sword (venom) {short}
rCold   . . .      Faith    .   (no shield)
rNeg    . . .      Spirit   .   c - +0 robe
rPois   +          Reflect  .   (no helmet)
rElec   .          Harm     .   f - +1 cloak {Stlth+}
rCorr   .          Rampage  .   (no gloves)
Will    .....                   (no boots)
Stlth   +++.......              (no amulet)
HPRegen 0.19/turn               h - ring of poison resistance
MPRegen 0.16/turn               p - +6 ring of strength

@: no status effects
A: high MP 1, forlorn, divine attributes
a: no special abilities


You were on level 6 of the Dungeon.
You visited 1 branch of the dungeon, and saw 6 of its levels.

You collected 255 gold pieces.
You spent 232 gold pieces at shops.


Innate Abilities, Weirdness & Mutations

You have an increased reservoir of magic. (+10% MP)
You shall have no god before yourself.
Your divine heritage dramatically boosts your attributes as you level up.


   Skills:
 - Level 1.0 Fighting
 - Level 0.7 Short Blades
 - Level 2.2 Dodging
 + Level 4.2 Stealth
 + Level 5.2 Spellcasting
 + Level 6.5 Conjurations
 * Level 3.6 Translocations


You had 10 spell levels left.
You knew the following spells:

 Your Spells              Type           Power      Damage    Failure   Level
a - Magic Dart            Conj           100%       1d8       1%          1
b - Searing Ray           Conj           74%        2d7       1%          2
c - Iskenderun's Mystic   Conj/Tloc      30%        2d8       11%         4

Your spell library contained the following spells:

 Spells                   Type           Power      Damage    Failure   Level
 Static Discharge         Conj/Air       21%        N/A       3%          2
 Dazzling Flash           Conj/Hex       42%        N/A       7%          3
 Fulminant Prism          Conj/Hex       10%        3d9       22%         4
 Sticky Flame             Conj/Fire      21%        2d4       22%         4
 Dispel Undead            Necr           6%         3d8       65%         4
 Summon Ice Beast         Ice/Summ       6%         N/A       65%         4
 Summon Mana Viper        Hex/Summ       6%         N/A       94%         5
 Monstrous Menagerie      Summ           3%         N/A       100%        7

Inventory:

Hand Weapons
 a - a +2 short sword of venom (weapon) {short}
   (You took it off an orc priest on level 6 of the Dungeon)
 g - a +4 mace {mace}
   (You took it off a wight on level 3 of the Dungeon)
 k - a +2 dire flail {mace}
   (You took it off a wight on level 4 of the Dungeon)
 o - a +0 war axe {axe}
   (You found it on level 3 of the Dungeon)
 r - a +1 vorpal falchion {long}
   (You took it off an orc on level 5 of the Dungeon)
 t - a +0 rapier {short}
   (You found it on level 4 of the Dungeon)
Missiles
 s - 3 poisoned darts {throwing}
Armour
 c - a +0 robe (worn)
 f - a +1 cloak of stealth (worn)
   (You bought it in a shop on level 4 of the Dungeon)
 m - a +1 leather armour
   (You found it on level 2 of the Dungeon)
Jewellery
 h - a ring of poison resistance (left hand)
   (You found it on level 4 of the Dungeon)
 p - a +6 ring of strength (right hand)
   (You took it off an orc on level 5 of the Dungeon)
Wands
 b - a wand of paralysis (3)
   (You found it on level 6 of the Dungeon)
Scrolls
 d - a scroll of fear {unknown}
 e - 2 scrolls of noise {unknown}
Potions
 i - a potion of attraction {unknown}
 j - a potion of might
 l - 5 potions of berserk rage {!q}
 n - 4 potions of curing {@q1}
 q - 2 potions of flight

Dungeon Overview and Level Annotations

Branches:
Dungeon (6/15)             Temple (0/1) D:4

Shops:
D:4 [

Annotations:
D:4 Pikel

..'.......#....#.........#
..#......##....#.........#
..#......#######.........#
..#>.....# #....(....#
..#......# #.........#
..#####..# #.........#
.... #..##+####.........#
##.. #.........####### ..
.......@..# .......l..#
..........# ..........#
#.........# #.........#
#######.... #.....


You could see a wyvern (poisoned).


Message History

a +0 club {mace}; a +0 scale mail; an orc corpse 😎 MP[+2]
Your mp is fully restored (19).
You open the door.
There is an open door here.
You open the door.
There is an open door here.
Found a stone staircase leading down.
You open the door.
There is an open door here.
You open the door.
There is an open door here.
You open the door.
There is an open door here.
i - a black potion You see here 26 stones {throwing}.
A wyvern comes into view.
The wyvern hisses angrily.
The searing ray hits the wyvern. (Press . to maintain the ray.) 😎 MP[-2]
You lost 2 mp, and now have 17/19 mp.
The searing ray hits the wyvern. 😎 MP[-1]
You lost 1 mp, and now have 16/19 mp.
The searing ray hits the wyvern.
The wyvern closely misses you.
The wyvern hisses menacingly.
The wyvern closely misses you. 😎 MP[-1]
You lost 1 mp, and now have 15/19 mp.
The searing ray hits the wyvern but does no damage.
You finish channelling your searing ray.
The wyvern bites you. 😕 HP[-1] MP[-1]
You take 1 damage, and now have 58/59 hp.
You lost 1 mp, and now have 14/19 mp.
The searing ray hits the wyvern. (Press . to maintain the ray.)
The wyvern bites you. The wyvern closely misses you. 😕 MP[-2]
You lost 2 mp, and now have 12/19 mp.
The searing ray hits the wyvern.
The wyvern bites you!! 😮 HP[-18]
You take 18 damage, and now have 40/59 hp.
MASSIVE DAMAGE!! (PAUSE)
Casting: Searing Ray (safe; 1% risk of failure)
Confirm with . or Enter, or press ? or * to list all spells.
You erupt in a blast of force!
The mystic blast hits the wyvern.
The wyvern is knocked back by the mystic blast. 😮 MP[-4]
You lost 4 mp, and now have 8/19 mp.
You are too injured to fight recklessly!
Aiming: Searing Ray (safe; 1% risk of failure)
Press: ? - help, Q - select action, (/) - cycle Shift-Dir - straight line, f/p - wyvern
Aim: a wyvern (moderately wounded, 81% to hit)
The searing ray hits the wyvern. (Press . to maintain the ray.)
The wyvern closely misses you. 😮 MP[-2]
You lost 2 mp, and now have 6/19 mp.
Restarting spell: Searing Ray (safe; 1% risk of failure)
Press: ? - help, Q - select action, (/) - cycle Shift-Dir - straight line, f/p - wyvern
Aim: a wyvern (heavily wounded, 81% to hit)
The searing ray hits the wyvern. (Press . to maintain the ray.)
The wyvern bites you!
* * * LOW HITPOINT WARNING * * *
😨 HP[-13] MP[-2]
You take 13 damage, and now have 27/59 hp.
MASSIVE DAMAGE!! (PAUSE)
You lost 2 mp, and now have 4/19 mp.
Restarting spell: Searing Ray (safe; 1% risk of failure)
Press: ? - help, Q - select action, (/) - cycle Shift-Dir - straight line, f/p - wyvern
Aim: a wyvern (severely wounded, 81% to hit)
The searing ray hits the wyvern but does no damage. (Press . to maintain the ray.)
The wyvern hisses menacingly.
The wyvern bites you.
* * * LOW HITPOINT WARNING * * *
The wyvern barely misses you. 😨 HP[-6] MP[-2]
You take 6 damage, and now have 21/59 hp.
You lost 2 mp, and now have 2/19 mp.
Restarting spell: Searing Ray (safe; 1% risk of failure)
Press: ? - help, Q - select action, (/) - cycle Shift-Dir - straight line, f/p - wyvern
Aim: a wyvern (severely wounded, 81% to hit)
The searing ray hits the wyvern. (Press . to maintain the ray.)
The wyvern barely misses you. 😨 HP[+1] MP[-2]
You lost 2 mp, and now have 0/19 mp.
You hit the wyvern. The wyvern closely misses you. x2
You hit the wyvern.
The wyvern is poisoned.
The wyvern bites you!
* * * LOW HITPOINT WARNING * * *
😨 HP[-7] MP[+1]
You take 7 damage, and now have 15/59 hp.
You closely miss the wyvern. The wyvern bites you.
* * * LOW HITPOINT WARNING * * *
The wyvern bites you!
You die...

Skill      XL: |  1  2  3  4  5  6  7  8 |
---------------+-------------------------+-----
Spellcasting   | 2 3 4 5 |  5.2
Conjurations   | 4 5 6 |  6.5
Dodging        | 2 |  2.2
Stealth        | 2 3 4 |  4.2
Translocations | 1 2 3 |  3.6
Fighting       | 1 |  1.0
Short Blades   | |  0.7

Action                   |  1- 3 |  4- 6 |  7- 9 || total
-------------------------+-------+-------+-------++-------
Melee: Club              |     2 |       |       ||     2
       Short sword       |     3 |     2 |     3 ||     8
       Rapier            |       |     1 |       ||     1
 Cast: Magic Dart        |    22 |    38 |    31 ||    91
       Searing Ray       |    25 |    38 |    35 ||    98
       Iskenderun's Myst |       |       |     1 ||     1
  Use: Scroll            |       |    10 |     3 ||    13
 Stab: Sleeping          |     3 |     2 |       ||     5
Armor: Robe              |       |     4 |     3 ||     7
Dodge: Dodged            |     9 |    29 |    19 ||    57

Levels and vault maps discovered:
D:1:      sevenhm_arrival_forest_fort_large_2, layout_loops_ring,
          hellmonk_ecumenical_altar_arch_garden
D:2:      layout_basic, basic_altar, uniq_jessica, uniq_terence
D:3:      layout_rooms, gammafunk_temple_overflow_pools
D:4:      layout_basic, minmay_temple_entry_poolview, nicolae_stop_n_shop_1,
          nicolae_figureground_sparkle
D:5:      layout_loops_cross, kennysheep_mini, okawaru_ov_weapons_minmay,
          minmay_misc_feat_ornament, st_stairs_10, minmay_misc_feat_enclosed,
          uniq_pikel
D:6:      layout_gridville

Notes
Turn   | Place    | Note
-------+----------+-------------------------------------------
     0 | D:1      | mortz the Demigod Conjurer began the quest for the Orb.
     0 | D:1      | Reached XP level 1. HP: 14/14 MP: 5/5
     0 | D:1      | magus.rc [v1.9.6]
   326 | D:1      | Reached XP level 2. HP: 18/20 MP: 1/7
   329 | D:1      | Learned a level 2 spell: Searing Ray
   404 | D:1      | Reached skill level 2 in Spellcasting
   464 | D:1      | Reached skill level 4 in Conjurations
  1249 | D:2      | Reached XP level 3. HP: 25/26 MP: 5/8
  1554 | D:2      | Reached skill level 2 in Dodging
  1694 | D:2      | Noticed Terence
  1714 | D:2      | Killed Terence
  1715 | D:2      | Reached skill level 2 in Stealth
  1715 | D:2      | Reached XP level 4. HP: 33/33 MP: 3/10
  2249 | D:2      | Noticed Jessica
  2264 | D:2      | Killed Jessica
  2380 | D:2      | Learned a level 4 spell: Iskenderun's Mystic Blast
  2471 | D:3      | You pick up a book of Touch and begin reading...
  2471 | D:3      | You add the spells Static Discharge, Sticky Flame and
                  | Dispel Undead to your library.
  2535 | D:3      | Reached XP level 5. HP: 39/39 MP: 9/12
  3045 | D:3      | Reached skill level 3 in Spellcasting
  3197 | D:3      | magus.rc [v1.9.6]
  3228 | D:4      | Found Heodecip's Antique Armour Boutique.
  3674 | D:4      | Reached skill level 5 in Conjurations
  3674 | D:4      | Reached skill level 1 in Translocations
  3681 | D:4      | HP: 7/37 [wight/+4 mace (9)]
  3684 | D:3      | Reached skill level 1 in Fighting
  3977 | D:4      | Reached XP level 6. HP: 42/47 MP: 8/13
  4309 | D:4      | Reached skill level 3 in Stealth
  4622 | D:4      | Found a staircase to the Ecumenical Temple.
  4724 | D:4      | You pick up a book of Beasts and begin reading...
  4724 | D:4      | You add the spells Summon Ice Beast, Summon Mana Viper and
                  | Monstrous Menagerie to your library.
  4993 | D:5      | Entered Level 5 of the Dungeon
  5145 | D:5      | Reached skill level 2 in Translocations
  5222 | D:5      | Reached XP level 7. HP: 47/52 MP: 6/16
  5326 | D:5      | Reached skill level 4 in Spellcasting
  5606 | D:5      | Noticed Pikel
  5617 | D:5      | HP: 8/52 [Pikel/+2 whip of electrocution (20)]
  6410 | D:5      | Reached skill level 6 in Conjurations
  6410 | D:5      | Reached skill level 3 in Translocations
  7188 | D:5      | Reached skill level 4 in Stealth
  7463 | D:6      | Reached XP level 8. HP: 39/59 MP: 8/18
  7649 | D:4      | Bought an embroidered cloak for 232 gold pieces
  7759 | D:6      | Reached skill level 5 in Spellcasting
  7886 | D:6      | magus.rc [v1.9.6]
  8133 | D:6      | HP: 11/59 [wyvern (4)]
  8133 | D:6      | Slain by a wyvern

Vanquished Creatures
  An ice beast (D:6)
  3 ogres (D:5)
  A phantom (D:6)
  4 lemures (D:5)
  4 scorpions (D:5)
  2 water moccasin skeletons
  3 wights
  A hound (D:4)
  3 jellies
  4 orc priests
  A bullfrog skeleton (D:5)
  A centaur zombie (D:5)
  Jessica (D:2)
  Terence (D:2)
  A hound skeleton (D:2)
  3 gnolls (D:2)
  5 adders
  2 ufetubi
  A worm (D:2)
  A dart slug (D:1)
  13 orcs
  4 bats
  8 endoplasms
  3 giant cockroaches
  8 goblins
  8 hobgoblins
  4 jackals (D:3)
  8 kobolds
  7 quokkas
  9 ball pythons
  9 frilled lizards
  5 rats
129 creatures vanquished.

Table legend:
 A = Non-vault XP
 B = Vault XP
 C = Vault XP percentage of total XP
 D = Non-vault monster count
 E = Vault monster count
 F = Vault count percentage of total count
                 A         B        C        D         E       F
            +---------+---------+-------+---------+---------+-------
      Total |    1753 |     277 |  13.6 |     120 |       5 |   4.0
            +---------+---------+-------+---------+---------+-------
        D:1 |      46 |       0 |   0.0 |      26 |       0 |   0.0
        D:2 |     106 |      73 |  40.8 |      23 |       2 |   8.0
        D:3 |     172 |       0 |   0.0 |      30 |       0 |   0.0
        D:4 |     243 |       0 |   0.0 |      15 |       0 |   0.0
        D:5 |     787 |     204 |  20.6 |      16 |       3 |  15.8
        D:6 |     399 |       0 |   0.0 |      10 |       0 |   0.0
            +---------+---------+-------+---------+---------+-------

Illustrated notes

Table legend:
 A = Kills in this place as a percentage of kills in entire the game.
 B = Kills by you in this place as a percentage of kills by you in the entire game.
 C = Kills by friends in this place as a percentage of kills by friends in the entire game.
 D = Other kills in this place as a percentage of other kills in the entire game.
 E = Experience gained in this place as a percentage of experience gained in the entire game.
 F = Experience gained in this place divided by the number of levels of this place that you have seen.
                   A       B       C       D       E      F
               +-------+-------+-------+-------+-------+----------------------
         Total | 100.0 | 100.0 |   N/A |   N/A | 100.0 | 338.3
       Dungeon | 100.0 | 100.0 |   N/A |   N/A | 100.0 | 338.3
               +-------+-------+-------+-------+-------+----------------------

Table legend: (Time is in decaauts)
 A = Elapsed time spent in this place.
 B = Non-inter-level travel time spent in this place.
 C = Inter-level travel time spent in this place.
 D = Time resting spent in this place.
 E = Time spent auto-exploring this place.
 F = Levels seen in this place.
 G = Mean time per level.
                   A        B        C        D        E       F      G
               +--------+--------+--------+--------+--------+-----+--------+
         Total |   8136 |   7744 |    392 |    585 |   6039 |   6 | 1356.0 |
       Dungeon |   8136 |   7744 |    392 |    585 |   6039 |   6 | 1356.0 |
               +--------+--------+--------+--------+--------+-----+--------+

Top non-repeatable levels by time:
     D:5: 2291 daAuts
     D:3: 1813 daAuts
     D:1: 1244 daAuts
     D:2: 1136 daAuts
     D:4: 1030 daAuts
     D:6: 620 daAuts
